Kate, chaotic female elven Wizard ----------- -------- --------- |..........####*.&..... |........# |.........|# |@f....| |.......|# |.........|## .......| |.......|# |.........|## |.....>| |.......|# |.........|# ----+-.- |.......|# # -----------# ---------### --.--##########* ############ # ||(.|# ### # ##.....### # #### |...|# # ###### ### #-------+- |#*.| ### # # #|.......| ----- # # # #-.|.....| ### # |.......| ####.... ######-......<| ---- --------- Kate the Conjurer Experience level: 3 Strength: 11 Dexterity: 14 Constitution: 10 Intelligence: 20 Wisdom: 9 Charisma: 11 Health: 0(19) Energy: 32(37) Def: 0 Gold: 9 Moves: 1353 Dungeon seed: NS_GKHLRpMCyb5-_ Game ID: Kate_1512049180 Your Inventory: Coins $ - 9 gold pieces Weapons a - a blessed +1 quarterstaff (weapon in hands) n - a +0 sling t - 10 +0 darts Armor e - an uncursed +0 cloak of magic resistance Scrolls i - 2 uncursed scrolls of identify j - an uncursed scroll of teleportation s - an uncursed scroll of genocide Spellbooks k - a blessed spellbook of force bolt l - an uncursed spellbook of jumping Potions f - an uncursed potion of sleeping g - an uncursed potion of healing Rings c - an uncursed ring of shock resistance (on left hand) d - an uncursed ring of sustain ability (on right hand) Wands b - a wand of sleep (0:5) Tools m - an uncursed tooled horn o - an uncursed tin opener Gems q - 20 uncursed rocks z - an uncursed worthless piece of white glass Spells and supernatural/magical abilities: Name Level Category Fail Memory a - force bolt 1 attack 0% 94% j - jumping 1 escape 0% 94% W - pray for help -- divine ? -- Your skills at the end: Fighting Skills Weapon Skills quarterstaff [Basic] Spellcasting Skills attack spells [Basic] enchantment spells [Basic] Final Attributes: You were piously aligned. You were shock resistant. You had infravision. You had fixed abilities. You are dead. Vanquished creatures: an acid blob 2 giant rats 2 geckos 4 jackals 4 grid bugs a lichen a kobold zombie 9 newts 24 creatures vanquished. Voluntary challenges: You were an atheist. You used a wielded weapon 13 times, starting on turn 75. You read items or engraved 2 times, starting on turn 1095. You never genocided any monsters. You never polymorphed an object. You never changed form. You used no wishes. You never split a pudding. You wrote Elbereth's name 1 time, starting on turn 1236. You never violated your personal moral code. Dungeon overview: The Dungeons of Doom: levels 1 to 3 Level 1 a long staircase Level 2 Level 3 <- You were here a sink a long staircase History has recorded: On T:1 you entered the Dungeons of Doom to retrieve the Amulet of Yendor! On T:607 you reached level 2 of The Dungeons of Doom. On T:912 you reached level 3 of The Dungeons of Doom. On T:1179 you advanced to experience level 2. On T:1297 you advanced to experience level 3. Score breakdown: Gold: 9 ( 3401 points) Experience: 3 levels ( 7878 points) Exploration: 3 levels ( 6.52%) ( 6324 points) Discoveries: 1 item ( 0.36%) ( 1802 points) Valuables value: (no points given unless you survive) Artifact value: 0 ( 0 points) Variety of kills: 8 monsters ( 2.10%) ( 4347 points) Turncount: 1353 turns ( 0 points) Survival: died (score multiplied by 80%) Total score: 19001 Latest messages: You hear some noises. You feel very attracted to the incubus. The incubus murmurs in your ear, while helping you undress. <"Shall I remove your cloak, lover?" [yn]: y> Time stands still while you and the incubus lie in each other's arms... You seem to have enjoyed it more than the incubus... That was a very educational experience. You feel more experienced. Welcome to experience level 3. "It's on the house!" You see here 9 gold pieces. $ - 9 gold pieces. With great effort you move the boulder. There is a doorway here. You see here 47 rocks. You see here 41 gold pieces. The kitten misses the incubus. The incubus acts as though he has got a headache. The incubus hits! (2x) You die... Final status: Goodbye Kate the Wizard, killed by an incubus... You died in The Dungeons of Doom on dungeon level 3 with 19001 points, and 9 pieces of gold, after 1353 moves. You were level 3 with a maximum of 19 hit points when you died.